 Dungeon Crawl Stone Soup version 0.17.1-3-g152610e (webtiles) character file.

81576 angZt the Executioner (level 15, -4/147 HPs)
             Began as a Minotaur Berserker on Feb 24, 2016.
             Was the Champion of Trog.
             Slain by a spatial maelstrom (11 damage)
             ... on level 1 of the Abyss on Mar 1, 2016.
             The game lasted 06:31:24 (22967 turns).

angZt the Executioner (Minotaur Berserker)         Turns: 22967, Time: 06:31:24

Health: -4/147     AC: 16    Str: 24    XL:     15   Next: 27%
Magic:  14/14      EV: 18    Int:  8    God:    Trog [******]
Gold:   1910       SH:  0    Dex: 17    Spells: 0 memorised, 14 levels left

rFire  . . .     SeeInvis .     H - +9 executioner's axe (flame)
rCold  . . .     Clarity  +     l - +3 ring mail
rNeg   + + .     SustAt   .     (shield currently unavailable)
rPois  .         Gourm    .     (helmet unavailable)
rElec  .         Spirit   .     C - +2 cloak {+Inv}
rCorr  .         Warding  .     y - +2 pair of gloves {Dex+3}
rMut   .         Stasis   .     m - +0 pair of boots of Servitude {rN++ Int+4}
MR     +....                    I - amulet of clarity
Stlth  ++........               K - +3 ring of slaying
                                E - +5 ring of evasion

@: about to teleport, somewhat resistant to hostile enchantments, unstealthy
A: retaliatory headbutt, horns 3, blurry vision 1, breathe flames 1
a: Berserk, Trog's Hand, Brothers in Arms, Burn Spellbooks, Renounce Religion,
Breathe Fire, Evoke Invisibility


You were on level 1 of the Abyss.
You worshipped Trog.
Trog was exalted by your worship.
You were not hungry.

You visited 3 branches of the dungeon, and saw 22 of its levels.
You visited the Abyss 1 time.

You collected 2164 gold pieces.
You spent 254 gold pieces at shops.

Inventory:

Hand Weapons
 a - a +1 battleaxe of electrocution
 b - a +4 broad axe of freezing
 q - the +9 rapier of the Sage {venom, -Tele rC- Dex+3 Stlth+}
   (You found it on level 10 of the Dungeon)

   It poisons the flesh of those it strikes.
   It affects your dexterity (+3).
   It makes you vulnerable to cold.
   It prevents most forms of teleportation.
   It makes you more stealthy.
 x - a +6 war axe of electrocution
 H - a +9 executioner's axe of flaming (weapon)
 P - a +0 arbalest
Missiles
 e - 24 bolts of flame
 u - a javelin of returning (quivered)
Armour
 l - a +3 ring mail (worn)
 m - the +0 pair of boots of Servitude (worn) {rN++ Int+4}
   (You acquired it on level 5 of the Lair of Beasts)

   It affects your intelligence (+4).
   It greatly protects you from negative energy.
 y - a +2 pair of gloves of dexterity (worn)
 C - a +2 cloak of invisibility (worn)
Jewellery
 E - a +5 ring of evasion (left hand)
 I - an amulet of clarity (around neck)
 K - a +3 ring of slaying (right hand)
 O - an uncursed ring of see invisible
 T - an uncursed amulet of resist mutation
Wands
 g - a wand of paralysis (14)
 p - a wand of disintegration (14)
 B - a wand of fireball (2)
 D - a wand of fire (10)
 F - a wand of cold (6)
 J - a wand of enslavement (15)
 M - a wand of heal wounds (0)
 R - a wand of lightning (4)
 U - a wand of heal wounds (4)
 V - a wand of polymorph (11)
Scrolls
 d - 3 scrolls of magic mapping
 f - 7 scrolls of teleportation
 i - 2 scrolls of blinking
 o - a scroll of acquirement
 r - 3 scrolls of recharging
 w - 9 scrolls of remove curse
Potions
 j - a potion of resistance
 s - 3 potions of haste
 Z - 4 potions of curing
Books
 A - a book of Clouds

   Spells                             Type                      Level
   a - Mephitic Cloud                 Conjuration/Poison/Air       3
   b - Conjure Flame                  Conjuration/Fire             3
   c - Poisonous Cloud                Conjuration/Poison/Air       6
   d - Freezing Cloud                 Conjuration/Ice/Air          6
   e - Ring of Flames                 Charms/Fire                  7
   Trog disapproves of the use of such an item.
 G - a book of Unlife

   Spells                             Type                      Level
   a - Recall                         Summoning/Translocation      3
   b - Animate Dead                   Necromancy                   4
   c - Control Undead                 Necromancy                   4
   d - Cigotuvi's Embrace             Necromancy                   5
   e - Death Channel                  Necromancy                   6
   f - Simulacrum                     Ice/Necromancy               6
   Trog disapproves of the use of such an item.
 N - a book of Death

   Spells                             Type                      Level
   a - Corpse Rot                     Necromancy                   2
   b - Sublimation of Blood           Necromancy                   2
   c - Agony                          Necromancy                   5
   d - Dispel Undead                  Necromancy                   5
   e - Excruciating Wounds            Charms/Necromancy            5
   f - Bolt of Draining               Conjuration/Necromancy       5
   Trog disapproves of the use of such an item.
Miscellaneous
 t - a box of beasts
 S - a lamp of fire
Comestibles
 c - 4 bread rations
 h - 9 meat rations


   Skills:
 * Level 17.1 Fighting
 * Level 21.2 Axes
 - Level 10.9 Throwing
 - Level 4.1 Armour
 - Level 4.1 Dodging
 + Level 4.0 Stealth
 - Level 0.1 Evocations


You had 14 spell levels left.
You didn't know any spells.

Dungeon Overview and Level Annotations

Branches:
Dungeon (10/15)            Temple (0/1) D:7            Lair (8/8) D:10
  Swamp (0/4) Lair:3        Snake (0/4) Lair:4        Slime (0/6) Lair:8
    Orc (4/4) D:9             Elf (0/3) Orc:3

Altars:
Dithmenos
Elyvilon
Fedhas
Kikubaaqudgha
Makhleb
Sif Muna
Xom

Shops:
D:4 [   D:8 (   Orc:1 *:   Orc:2 *   Orc:4 =!:[


Innate Abilities, Weirdness & Mutations

You reflexively headbutt those who attack you in melee.
You have a pair of large horns on your head.
Scrolls take you a little longer to read.
You can breathe flames.


Message History

You feel strangely unstable.
You feel the power of the Abyss delaying your translocation!
The spatial maelstrom hits you!
* * * LOW HITPOINT WARNING * * *
Space bends around you.
* * * LOW HITPOINT WARNING * * *
The spatial maelstrom completely misses you.
Read which item? (? for menu, Esc to quit)
Really read with blurry vision while enemies are nearby? [Y]es or [N]o only, please.
Really read with blurry vision while enemies are nearby?
The spatial maelstrom hits you!
* * * LOW HITPOINT WARNING * * *
Space bends around you.
* * * LOW HITPOINT WARNING * * *
The spatial maelstrom hits you but does no damage.
You begin reading the scroll.
You continue reading the scroll.
The spatial maelstrom barely misses you.
The spatial maelstrom hits you!
You die...

#. . .# . ..
## #(.# #..
..##.(######
.
#...((.†..#
.#.v...v@.#
#.....#### #
####... #..
.. #..## #
## . .. # ..


You could see a spatial maelstrom and a spatial vortex.

Vanquished Creatures
  Gastronok (Lair:3)
  An orc warlord (Orc:3)
  A very ugly thing (Abyss:1)
  The ghost of emiel the Covert, a journeyman OpEE of Cheibriados (Lair:5)
  Nessos (Lair:7)
  Harold (D:10)
  4 hydras
  A catoblepas (Lair:8)
  14 death yaks
  A tengu warrior (D:10)
  A deep troll shaman (Lair:8)
  A thrashing horror (Abyss:1)
  Nergalle (D:10)
  A wretched star (Abyss:1)
  An unseen horror (D:10)
  4 starcursed masses (Abyss:1)
  2 lindwurms
  A cyclops (Orc:2)
  A griffon (Lair:4)
  A toenail golem (Abyss:1)
  4 black mambas
  A molten gargoyle (Lair:6)
  28 elephants
  A torpor snail (Lair:8)
  9 spiny frogs
  A gargoyle (D:10)
  A centaur skeleton (D:6)
  7 komodo dragons
  A tengu conjurer (D:10)
  2 trolls
  2 fire drakes
  5 polar bears (Lair:8)
  A slime creature (Lair:8)
  Grinder (D:6)
  A boulder beetle (Lair:5)
  11 two-headed ogres
  25 blink frogs
  A ynoxinul (Abyss:1)
  A trapdoor spider (D:10)
  2 large abominations (Abyss:1)
  A deep elf mage (D:9)
  6 fire bats (Lair:6)
  7 hippogriffs
  2 basilisks
  A hungry ghost (D:9)
  Eustachio (D:4)
  29 yaks
  Menkaure (D:5)
  29 wolves
  3 wargs
  A small abomination (Abyss:1)
  10 porcupines
  6 sky beasts
  Duvessa (D:6)
  17 orc warriors
  3 ice beasts
  20 water moccasins
  31 ogres
  4 phantoms
  5 centaurs
  12 crocodiles
  Blork the orc (D:6)
  12 giant frogs
  A big kobold (D:10)
  Dowan (D:6)
  2 wyvern skeletons
  A scorpion (D:6)
  A water moccasin skeleton (D:6)
  9 killer bees
  An electric eel (Lair:3)
  A quasit (D:9)
  4 crimson imps
  A giant frog skeleton (D:7)
  9 hounds
  An iron imp (Abyss:1)
  A lava snake (Lair:6)
  23 orc priests
  A giant frog zombie (D:10)
  5 jellies
  A gnoll shaman (D:7)
  30 orc wizards
  7 hell rats (Lair:6)
  10 iguanas
  5 worker ants
  A killer bee zombie (D:10)
  5 hound skeletons
  A hound zombie (D:5)
  3 worker ant zombies
  9 adders
  8 gnolls
  24 river rats
  3 shadow imps
  2 adder skeletons
  11 giant geckos
  187 orcs
  10 goblins
  8 hobgoblins
  17 jackals
  11 kobolds
  2 quokkas (D:3)
  A ball python (D:4)
  6 bats
  2 giant cockroaches
  4 giant newts
  2 rats (D:3)
  3 bushes
  13 fungi
  45 plants
841 creatures vanquished.

Vanquished Creatures (collateral kills)
  3 ogre magi (Orc:4)
  Erica (Lair:1)
  A fire drake (Lair:1)
  4 two-headed ogres (Orc:4)
  A blink frog (Lair:8)
  An adder (D:10)
11 creatures vanquished.

Vanquished Creatures (others)
  An orc (Orc:1)
  A quokka (D:3)
  14 fungi
  7 plants
23 creatures vanquished.

Grand Total: 875 creatures vanquished

Notes
Turn   | Place    | Note
--------------------------------------------------------------
     0 | D:1      | angZt the Minotaur Berserker began the quest for the Orb.
     0 | D:1      | Reached XP level 1. HP: 19/19 MP: 0/0
   389 | D:1      | Reached skill level 4 in Axes
   409 | D:1      | Reached XP level 2. HP: 27/27 MP: 1/1
   768 | D:2      | Reached XP level 3. HP: 31/33 MP: 2/2
   777 | D:2      | Reached ** piety under Trog
   968 | D:2      | Found a shimmering altar of Xom.
  1436 | D:3      | Found a white marble altar of Elyvilon.
  1498 | D:3      | Reached XP level 4. HP: 41/41 MP: 3/3
  1589 | D:4      | Reached skill level 5 in Axes
  1645 | D:3      | Reached XP level 5. HP: 45/47 MP: 4/4
  1911 | D:3      | Found a burning altar of Makhleb.
  2106 | D:3      | Reached *** piety under Trog
  2125 | D:3      | Reached skill level 5 in Fighting
  2241 | D:4      | Reached XP level 6. HP: 56/56 MP: 5/5
  2332 | D:5      | Entered Level 5 of the Dungeon
  2546 | D:4      | Found Zereh's Antique Armour Boutique.
  2584 | D:4      | Bought a pair of glowing gloves for 112 gold pieces
  2670 | D:4      | Reached skill level 6 in Axes
  2931 | D:4      | Noticed Eustachio
  2938 | D:4      | Killed Eustachio
  2938 | D:4      | Reached XP level 7. HP: 63/63 MP: 6/6
  3052 | D:5      | Reached skill level 7 in Axes
  3087 | D:5      | Reached skill level 1 in Throwing
  3181 | D:5      | Noticed Menkaure
  3189 | D:5      | Killed Menkaure
  3189 | D:5      | Reached skill level 8 in Axes
  3235 | D:5      | Reached XP level 8. HP: 35/73 MP: 7/7
  3580 | D:5      | Reached **** piety under Trog
  3691 | D:4      | Bought a runed cloak for 112 gold pieces
  4021 | D:6      | Noticed a centaur skeleton
  4022 | D:6      | Noticed Duvessa
  4024 | D:6      | Noticed Dowan
  4027 | D:6      | Killed Duvessa
  4027 | D:6      | Reached skill level 9 in Axes
  4031 | D:6      | Killed a centaur skeleton
  4036 | D:6      | Killed Dowan
  4129 | D:6      | Reached skill level 10 in Axes
  4198 | D:6      | Reached XP level 9. HP: 72/83 MP: 8/8
  4445 | D:6      | Noticed Blork the orc
  4452 | D:6      | Killed Blork the orc
  4463 | D:6      | Noticed Grinder
  4476 | D:6      | Killed Grinder
  4557 | D:6      | Found a shadowy altar of Dithmenos.
  4712 | D:6      | Reached skill level 11 in Axes
  4929 | D:7      | Reached ***** piety under Trog
  5044 | D:7      | Found a staircase to the Ecumenical Temple.
  5226 | D:7      | Reached skill level 10 in Fighting
  5555 | D:7      | Reached skill level 12 in Axes
  5882 | D:8      | Found Batzukhl Sida's Weapon Shop.
  5959 | D:8      | Found a deep blue altar of Sif Muna.
  6073 | D:8      | Reached XP level 10. HP: 92/94 MP: 9/9
  6468 | D:8      | Found a shimmering altar of Xom.
  6835 | D:9      | Found a blossoming altar of Fedhas.
  7123 | D:9      | Reached skill level 13 in Axes
  7268 | D:9      | Reached skill level 1 in Stealth
  7286 | D:9      | Received a gift from Trog
  7489 | D:9      | Found a staircase to the Orcish Mines.
  7600 | D:9      | Found an ancient bone altar of Kikubaaqudgha.
  7615 | D:9      | Reached skill level 5 in Throwing
  7663 | Orc:1    | Entered Level 1 of the Orcish Mines
  7698 | D:10     | Entered Level 10 of the Dungeon
  7833 | D:10     | Found a staircase to the Lair.
  7928 | D:10     | Noticed Nergalle
  7949 | D:10     | Killed Nergalle
  7958 | D:10     | Killed an unseen horror
  7987 | D:10     | Noticed Harold
  7995 | D:10     | Killed Harold
  7995 | D:10     | Reached XP level 11. HP: 96/104 MP: 10/10
  8168 | D:10     | Reached skill level 14 in Axes
  8242 | D:10     | Noticed a tengu warrior
  8275 | D:10     | Killed a tengu warrior
  8623 | D:10     | Got a shimmering rapier
  8848 | Lair:1   | Entered Level 1 of the Lair of Beasts
  8975 | Lair:1   | Noticed a seven-headed hydra
  8979 | Lair:1   | Killed a five-headed hydra
  9219 | Lair:1   | Noticed Erica
  9227 | Lair:1   | Killed Erica
  9820 | Lair:2   | Reached skill level 15 in Axes
 10901 | Lair:3   | Noticed a four-headed hydra
 10909 | Lair:3   | Killed a three-headed hydra
 10909 | Lair:3   | Reached XP level 12. HP: 115/115 MP: 11/11
 11413 | Lair:3   | Reached skill level 16 in Axes
 11807 | Lair:3   | Noticed Gastronok
 11840 | Lair:3   | Killed Gastronok
 12283 | Lair:3   | Found a staircase to the Swamp.
 12856 | Lair:4   | Received a gift from Trog
 13069 | Lair:4   | Reached skill level 17 in Axes
 13299 | Lair:4   | Received a gift from Trog
 13308 | Lair:4   | Identified the +9 rapier of the Sage {venom, -Tele rC- Dex+3 Stlth+} (You found it on level 10 of the Dungeon)
 13331 | Lair:4   | Found a staircase to the Snake Pit.
 13462 | Lair:4   | Reached XP level 13. HP: 120/124 MP: 12/12
 13593 | Lair:4   | Reached skill level 10 in Throwing
 14113 | Lair:5   | Identified a scroll of acquirement
 14116 | Lair:5   | Got a pair of jewelled boots
 14130 | Lair:5   | Identified the +0 pair of boots of Servitude {rN++ Int+4} (You acquired it on level 5 of the Lair of Beasts)
 14259 | Lair:5   | Noticed emiel's ghost (journeyman OpEE)
 14269 | Lair:5   | Killed emiel's ghost
 14799 | Lair:6   | Reached skill level 15 in Fighting
 14804 | Lair:6   | Reached skill level 18 in Axes
 15426 | Lair:6   | Received a gift from Trog
 16425 | Lair:7   | Gained mutation: You have a pair of large horns on your head. [potion of mutation]
 16425 | Lair:7   | Gained mutation: Scrolls take you a little longer to read. [potion of mutation]
 16425 | Lair:7   | Gained mutation: You can breathe flames. [potion of mutation]
 16795 | Lair:7   | Noticed Nessos
 16805 | Lair:7   | Killed Nessos
 16805 | Lair:7   | Reached XP level 14. HP: 87/135 MP: 13/13
 17128 | Lair:8   | Entered Level 8 of the Lair of Beasts
 17151 | Lair:8   | Reached skill level 19 in Axes
 17407 | Lair:8   | Reached ****** piety under Trog
 17676 | Lair:8   | Received a gift from Trog
 17909 | Lair:8   | Found a staircase to the Slime Pits.
 18192 | Lair:8   | Received a gift from Trog
 18487 | Lair:8   | Reached skill level 20 in Axes
 19487 | Orc:1    | Found Oshuxucy's Book Shop.
 20143 | Orc:2    | Received a gift from Trog
 20201 | Orc:2    | Found Yboel's General Store.
 20409 | Orc:1    | Received a gift from Trog
 20449 | Orc:1    | Found Odemehu's General Store.
 20594 | Orc:1    | Bought a scroll of identify for 30 gold pieces
 20882 | Orc:1    | You fall through a shaft!
 21039 | Orc:3    | Found a staircase to the Elven Halls.
 21391 | Orc:3    | Noticed an orc warlord
 21667 | Orc:3    | You fall through a shaft!
 21667 | Orc:4    | Entered Level 4 of the Orcish Mines
 21689 | Orc:4    | Received a gift from Trog
 21846 | Orc:3    | Killed an orc warlord
 22421 | Orc:4    | Reached XP level 15. HP: 111/145 MP: 14/14
 22665 | Orc:4    | Received a gift from Trog
 22677 | Orc:4    | Found Zierph's Antique Armour Shop.
 22677 | Orc:4    | Found Omoaf's Book Emporium.
 22681 | Orc:4    | Found Pydonomn's Distillery.
 22681 | Orc:4    | Found Panajug's Jewellery Boutique.
 22696 | Orc:4    | Cast into the Abyss (an ogre mage)
 22756 | Abyss:1  | Reached skill level 21 in Axes
 22966 | Abyss:1  | HP: 6/147 [spatial maelstrom (5)]
 22967 | Abyss:1  | Slain by a spatial maelstrom

Action                   |  1- 3 |  4- 6 |  7- 9 | 10-12 | 13-15 || total
-------------------------+-------+-------+-------+-------+-------++-------
Melee: Hand axe          |    71 |     9 |       |       |       ||    80
       War axe           |       |    69 |   217 |    76 |   148 ||   510
       Executioner's axe |       |       |       |   209 |   445 ||   654
Throw: Tomahawk          |       |     3 |    37 |   223 |   226 ||   489
       Javelin           |       |       |       |       |    53 ||    53
Invok: Berserk           |     1 |     2 |     2 |     3 |       ||     8
       Brothers in Arms  |       |       |       |     2 |     2 ||     4
       Burn Spellbooks   |       |       |       |       |     2 ||     2
Evoke: Wand              |       |       |     1 |     5 |    10 ||    16
  Use: Potion            |       |     5 |     4 |     6 |     8 ||    23
       Scroll            |       |     3 |    15 |    18 |     8 ||    44
 Stab: Distracted        |       |       |       |     1 |       ||     1
       Sleeping          |       |       |       |       |     1 ||     1
       Petrified         |       |       |       |       |     4 ||     4
       Petrifying        |       |       |       |       |     1 ||     1
  Eat: Meat ration       |     1 |     1 |       |     1 |       ||     3
       Royal jelly       |       |     1 |       |     2 |       ||     3
       Fruit             |       |       |     6 |    17 |     7 ||    30
       Pizza             |       |       |     2 |     2 |     1 ||     5
       Beef jerky        |       |       |     1 |     2 |     3 ||     6
       Bread ration      |       |       |       |       |     5 ||     5
